 Dungeon Crawl Stone Soup version 0.24.1-5-g77f818bfca (webtiles) character file.

Game seed: 5281760253873513679, levelgen mode: deterministic

1155 Peloso the Slasher (level 8, -7/61 HPs)
             Began as a Demonspawn Fighter on Apr 24, 2020.
             Was a Follower of Okawaru.
             Killed by divine providence
             ... invoked by an orc priest
              (9 damage)
             ... on level 6 of the Dungeon.
             The game lasted 00:10:34 (4110 turns).

Peloso the Slasher (Demonspawn Fighter)             Turns: 4110, Time: 00:10:34

Health: -7/61      AC:  9    Str: 19 (20) XL:     8   Next: 16%
Magic:  0/8        EV:  8    Int:  6 (9)  God:    Okawaru [*.....]
Gold:   219        SH:  9    Dex: 12      Spells: 7/7 levels left

rFire    . . .     SeeInvis .   a - +0 long sword
rCold    . . .     Gourm    .   c - +0 shield
rNeg     . . .     Faith    .   b - +0 scale mail
rPois    .         Spirit   +   (no helmet)
rElec    .         Reflect  .   v - scarf {Spirit}
rCorr    .         Harm     .   (no gloves)
MR       .....                  (no boots)
Stlth    ..........             (no amulet)
HPRegen  0.20/turn              (no ring)
MPRegen  0.11/turn              (no ring)

@: no status effects
A: hooves 1, molten scales 1, spiny 1
a: Heroism, Renounce Religion


You were on level 6 of the Dungeon.
You worshipped Okawaru.
Okawaru was aware of your devotion.
You were hungry.

You visited 2 branches of the dungeon, and saw 7 of its levels.

You collected 219 gold pieces.

Inventory:

Hand Weapons
 a - a +0 long sword (weapon)
Armour
 b - a +0 scale mail (worn)
 c - a +0 shield (worn)
 v - a scarf of spirit shield (worn)
Wands
 m - a wand of iceblast (12)
Scrolls
 e - a scroll of enchant weapon
 h - 2 scrolls of noise {unknown}
 i - 3 scrolls of teleportation
 j - a scroll of remove curse
Potions
 d - a potion of might
 k - a potion of resistance
 n - a potion of mutation
 o - a potion of heal wounds
 p - a potion of curing
 q - a potion of haste
 s - a potion of brilliance
 u - a potion of degeneration
Comestibles
 f - 14 rations


   Skills:
 + Level 4.9 Fighting
 + Level 5.3 Long Blades
 + Level 4.9 Armour
 + Level 2.6 Dodging
 + Level 0.9 Stealth
 + Level 4.3 Shields


You had 7 spell levels left.
You didn't know any spells.
Your spell library contained the following spells:

 Spells                   Type           Power        Failure   Level  Hunger
 Animate Skeleton         Necr           N/A          99%         1    ##.....
 Apportation              Tloc           #.....       99%         1    ##.....
 Confusing Touch          Hex            #.....       99%         1    ##.....
 Summon Small Mammal      Summ           #...         99%         1    ##.....
 Confuse                  Hex            #.......     100%        3    ####...
 Gell's Gravitas          Tloc           #.........   100%        3    ####...
 Petrify                  Tmut/Erth      #.......     100%        4    #####..
 Metabolic Englaciation   Hex/Ice        #.........   100%        5    ######.
 Yara's Violent Unravell  Hex/Tmut       #.........   100%        5    ######.


Dungeon Overview and Level Annotations

Branches:
Dungeon (6/15)             Temple (1/1) D:4

Altars:
Ashenzari
Dithmenos
Fedhas
Gozag
Kikubaaqudgha
Makhleb
Nemelex Xobeh
Okawaru
Ru
Sif Muna
Trog
The Shining One


Innate Abilities, Weirdness & Mutations

You have large cloven feet.
You are partially covered in molten scales. (AC +2)
You are partially covered in sharp spines.


Message History

The orc barely misses you.
You hit the orc priest. Your kick misses the orc priest.
The orc priest is moderately wounded.
The orc priest is struck by your spines.
The orc priest hits you but does no damage.
The orc warrior hits you with a +0 war axe.
* * * LOW HITPOINT WARNING * * *
You block the orc's attack.
You hit the orc priest but do no damage.
You kick the orc priest.
The orc priest is severely wounded.
The orc priest invokes the aid of Beogh against you.
Pain shoots through your body!
* * * LOW HITPOINT WARNING * * *
The orc warrior hits you with a +0 war axe!
* * * LOW HITPOINT WARNING * * *
You block the orc's attack.
The orc priest mumbles some strange prayers to Beogh against you.
Beogh smites you!
You die...

### ..# #.####o# #
#....o.## ###.
#@o##... ##
#..#..# .. #..#.#
#.#....# ##
#...?..####..
#........#..
#...#....#.#
#.......†.#.# ..
...##........##..#


You could see an orc warrior, an orc priest and an orc.

Vanquished Creatures
  A black bear (D:4)
  An ogre (D:4)
  A bullfrog (D:6)
  4 scorpions
  2 crimson imps (D:5)
  A hound (D:3)
  2 bullfrog skeletons (D:4)
  An orc priest (D:5)
  5 orc wizards
  6 worker ants
  2 hound skeletons
  A worker ant zombie (D:5)
  10 adders
  2 oozes
  3 worms
  3 dart slugs
  2 leopard geckos
  15 orcs
  7 giant cockroaches
  4 goblins
  10 hobgoblins
  13 jackals
  7 kobolds
  2 quokkas (D:3)
  A ball python (D:2)
  3 bats
  7 frilled lizards
  A jackal skeleton (D:4)
  11 rats
128 creatures vanquished.

Notes
Turn   | Place    | Note
-------+----------+-------------------------------------------
     0 | D:1      | Peloso the Demonspawn Fighter began the quest for the Orb.
     0 | D:1      | Reached XP level 1. HP: 18/18 MP: 1/1
   247 | D:1      | Gained mutation: You have large cloven feet. [demonic
                  | ancestry]
   247 | D:1      | Reached XP level 2. HP: 24/24 MP: 2/2
   311 | D:1      | Reached skill level 2 in Long Blades
   744 | D:2      | Gained mutation: You are partially covered in molten
                  | scales. (AC +2) [demonic ancestry]
   744 | D:2      | Reached XP level 3. HP: 29/29 MP: 3/3
   790 | D:2      | Reached skill level 1 in Dodging
  1072 | D:2      | Gained mutation: You are partially covered in sharp spines.
                  | [demonic ancestry]
  1072 | D:2      | Reached XP level 4. HP: 35/35 MP: 4/4
  1446 | D:3      | Found a burning altar of Makhleb.
  1449 | D:3      | Reached skill level 3 in Long Blades
  1585 | D:3      | Reached XP level 5. HP: 36/42 MP: 5/5
  2390 | D:4      | Noticed a black bear
  2396 | D:4      | Noticed an ogre
  2397 | D:4      | Killed a black bear
  2397 | D:4      | Reached XP level 6. HP: 35/48 MP: 6/6
  2403 | D:4      | Reached skill level 4 in Long Blades
  2457 | D:4      | Found a staircase to the Ecumenical Temple.
  2478 | Temple   | Entered the Ecumenical Temple
  2528 | Temple   | Became a worshipper of Warmaster Okawaru
  2581 | D:4      | Reached XP level 7. HP: 39/54 MP: 7/7
  3079 | D:5      | Entered Level 5 of the Dungeon
  3562 | D:5      | Reached * piety under Okawaru
  3588 | D:5      | Reached skill level 5 in Long Blades
  3788 | D:5      | Found a blossoming altar of Fedhas.
  3793 | D:5      | Found an ancient bone altar of Kikubaaqudgha.
  4021 | D:6      | Reached XP level 8. HP: 61/61 MP: 8/8
  4110 | D:6      | HP: 2/61 [orc warrior/+0 war axe (12)]
  4110 | D:6      | Killed from afar by an orc priest

Levels and vault maps discovered:
D:1:      lightli_arrival_farm, layout_basic
D:2:      layout_rooms
D:3:      layout_basic, serial_bayou, serial_bayou_ford_a, serial_bayou_shore_a,
          serial_bayou_lagoon_a, serial_bayou_shore_b, makhleb_heckhound_becter
D:4:      layout_basic, minmay_temple_entry_large_hall
D:5:      layout_cave_pools, grunt_temple_overflow_growth_and_decay,
          serial_column_ruins, column_ruins_hut_pillars, column_ruins_hut,
          column_ruins_open_small, column_ruins_columns_plus,
          column_ruins_open_tiny, column_ruins_columns_dead_end,
          column_ruins_grid_1, first_ration
D:6:      layout_rooms
Temple:   eino_temple_rhombus

Skill      XL: |  1  2  3  4  5  6  7 |
---------------+----------------------+-----
Long Blades    | 2 3 4 5 |  5.3
Shields        | 3 4 |  4.3
Armour         | 3 4 |  4.9
Dodging        | 1 2 |  2.6
Fighting       | 4 |  4.9
Stealth        | |  0.9

Action                   |  1- 3 |  4- 6 |  7- 9 || total
-------------------------+-------+-------+-------++-------
Melee: Long sword        |    86 |   113 |   122 ||   321
       Kick              |    16 |    41 |    31 ||    88
  Use: Scroll            |       |       |     9 ||     9
       Potion            |       |       |     3 ||     3
  Eat: Chunk             |     1 |     5 |     4 ||    10
Armor: Scale mail        |    67 |    42 |    49 ||   158
Dodge: Dodged            |    39 |    33 |    44 ||   116
Block: Shield            |    61 |    61 |    53 ||   175
       Rpst.: Long sword |    11 |    10 |    16 ||    37
